 Dungeon Crawl Stone Soup version 0.21.1-1-g345015fe64 (webtiles) character file.

170 IceCat the Firebug (level 5, -6/28 HPs)
             Began as a Gargoyle Fire Elementalist on July 23, 2018.
             Killed from afar by IceCat's ghost (9 damage)
             ... with a puff of flame
             ... on level 3 of the Dungeon.
             The game lasted 00:12:06 (2250 turns).

IceCat the Firebug (Gargoyle Fire Elementalist)     Turns: 2250, Time: 00:12:07

Health: -6/28      AC:  8    Str: 12    XL:     5   Next: 50%
Magic:  4/9        EV: 12    Int: 16    God:
Gold:   111        SH:  0    Dex: 10    Spells: 7/10 levels left

rFire    . . .     SeeInvis .   f - +0 dagger
rCold    . . .     Gourm    .   (no shield)
rNeg     + . .     Faith    .   a - +0 robe
rPois    ∞         Spirit   .   (no helmet)
rElec    +         Reflect  .   (no cloak)
rCorr    .         Harm     .   i - +0 pair of gloves
MR       .....                  k - +0 pair of boots
Stlth    ++........             (no amulet)
HPRegen  0.09/turn              (no ring)
MPRegen  0.11/turn              (no ring)

@: no status effects
A: negative energy resistance 1, electricity resistance, unbreathing,
petrification resistance, rot immunity, AC +4
a: no special abilities


You were on level 3 of the Dungeon.
You were not hungry.

You visited 1 branch of the dungeon, and saw 3 of its levels.

You collected 111 gold pieces.

Inventory:

Hand Weapons
 f - a +0 dagger (weapon)
Armour
 a - a +0 robe (worn)
 i - a +0 pair of gloves (worn)
 k - a +0 pair of boots (worn)
Wands
 r - a wand of digging (8)
 s - a wand of random effects (19)
Scrolls
 d - a scroll of blinking {unknown}
 g - a scroll of fog {unknown}
 h - 2 scrolls of enchant armour {unknown}
 j - a scroll of remove curse {unknown}
 l - 2 scrolls of magic mapping {unknown}
 p - a scroll of identify {unknown}
 q - a scroll of teleportation {unknown}
Potions
 e - a potion of magic {unknown}
 m - a potion of mutation {unknown}
 n - a potion of cancellation {unknown}
 o - 2 potions of degeneration {unknown}
 t - a potion of heal wounds {unknown}
Books
 b - a book of Flames

   Spells                             Type                      Level
   a - Flame Tongue                   Conjuration/Fire             1
   b - Throw Flame                    Conjuration/Fire             2
   c - Conjure Flame                  Conjuration/Fire             3
   d - Inner Flame                    Hexes/Fire                   3
   e - Sticky Flame                   Conjuration/Fire             4
   f - Fireball                       Conjuration/Fire             5
Comestibles
 c - 5 rations


   Skills:
 + Level 0.2 Fighting
 + Level 0.2 Short Blades
 + Level 2.2 Dodging
 + Level 2.7 Stealth
 - Level 0.2 Unarmed Combat
 * Level 3.0 Spellcasting
 + Level 2.2 Conjurations
 + Level 4.3 Fire Magic


You had 7 spell levels left.
You knew the following spells:

 Your Spells              Type           Power        Failure   Level  Hunger
a - Flame Tongue          Conj/Fire      ##...        4%          1    #......
b - Throw Flame           Conj/Fire      ##....       8%          2    ##.....


Dungeon Overview and Level Annotations

Branches:
Dungeon (3/15)

Altars:
Dithmenos

Annotations:
D:3 IceCat's ghost, weakling GrFE


Innate Abilities, Weirdness & Mutations

You are resistant to torment.
Your stone body is resilient. (AC +4)
You are immune to poison.
You resist negative energy. (rN+)
You are resistant to electric shocks. (rElec)
You can survive without breathing.
You are immune to petrification.
You are immune to rotting.


Message History

Aim: IceCat's ghost (lightly damaged)
The flame tongue misses IceCat's ghost.
IceCat's ghost closely misses you.
IceCat's ghost gestures at you while chanting.
The puff of flame hits you!
* * * LOW HITPOINT WARNING * * *
A hobgoblin comes into view.
The hobgoblin shouts!
The hobgoblin moves out of view.
A rat and an orc come into view.
The orc shouts!
An orc comes into view. It is wielding a club.
IceCat's ghost points at you and mumbles some strange words.
The puff of flame hits you!
* * * LOW HITPOINT WARNING * * *
IceCat's ghost gestures at you while chanting.
The puff of flame hits you!
* * * LOW HITPOINT WARNING * * *
IceCat's ghost points at you and mumbles some strange words.
The puff of flame hits you!
You die...

## #.#§§§##.# #.# #<#
#.##§#§#.#
#.#######.#
#.##.#.#.#
#g#.......#
#........#
#W#.#######
#..###..## #.#.##..
#<. ##.## #.#.##.#
... #..# #.#.##.#
###. ##.##
#.#.##.#### . #..#
#@..).....# ##
#######.###.##.#.####
............##.#.####
#######..##.##.#....#
##.##.##.#.####
#.##.##.....##
#####..#.######..#
#......#.# #....#
#........# #....#


You could see IceCat's ghost and a hobgoblin.

Vanquished Creatures
  Jessica (D:2)
  Natasha (thrice) (D:2)
  2 adders
  An ooze (D:1)
  A dart slug (D:2)
  A leopard gecko (D:3)
  3 bats
  3 giant cockroaches
  7 goblins
  7 hobgoblins
  6 kobolds
  A quokka (D:2)
  3 frilled lizards
  10 rats
49 creatures vanquished.

Notes
Turn   | Place    | Note
-------+----------+-------------------------------------------
     0 | D:1      | IceCat the Gargoyle Fire Elementalist began the quest for the Orb.
     0 | D:1      | Reached XP level 1. HP: 10/10 MP: 3/3
   266 | D:1      | Reached XP level 2. HP: 11/15 MP: 0/5
  1042 | D:2      | Noticed Natasha
  1048 | D:2      | Noticed a crimson imp
  1059 | D:2      | Killed Natasha
  1059 | D:2      | Reached XP level 3. HP: 12/19 MP: 0/6
  1162 | D:2      | Reached skill level 4 in Fire Magic
  1162 | D:2      | Reached XP level 4. HP: 23/24 MP: 3/7
  1189 | D:2      | Noticed Jessica
  1202 | D:2      | Killed Jessica
  1386 | D:2      | Noticed Natasha
  1413 | D:2      | Killed Natasha
  1626 | D:2      | Reached XP level 5. HP: 28/28 MP: 7/9
  1636 | D:2      | Learned a level 2 spell: Throw Flame
  1671 | D:2      | Noticed Natasha
  2018 | D:2      | Killed Natasha
  2163 | D:3      | Found a shadowy altar of Dithmenos.
  2218 | D:3      | Noticed IceCat's ghost (weakling GrFE)
  2250 | D:3      | Killed from afar by IceCat's ghost

Skill      XL: |  1  2  3  4  5 |
---------------+----------------+-----
Dodging        | 2 |  2.2
Fire Magic     | 4 |  4.3
Conjurations   | 2 |  2.2
Spellcasting   | 3 |  3.0
Fighting       | |  0.2
Short Blades   | |  0.2
Stealth        | |  2.7
Unarmed Combat | |  0.2

Action                   |  1- 3 |  4- 6 || total
-------------------------+-------+-------++-------
Melee: Unarmed           |    13 |       ||    13
       Dagger            |    15 |    11 ||    26
 Cast: Flame Tongue      |    28 |    34 ||    62
       Throw Flame       |       |    18 ||    18
  Eat: Chunk             |     1 |     5 ||     6
Armor: Robe              |     9 |     7 ||    16
Dodge: Dodged            |    15 |    13 ||    28
